 Dungeon Crawl Stone Soup version 0.21.0-3-g78d12a8 (webtiles) character file.

50991 oplop the Unseen (level 14, -14/72 HPs)
             Began as a Spriggan Enchanter on Jan 10, 2018.
             Was the Champion of Wu Jian.
             Demolished by a death yak (17 damage)
             ... on level 6 of the Lair of Beasts.
             The game lasted 01:16:03 (19324 turns).

oplop the Unseen (Spriggan Enchanter)              Turns: 19324, Time: 01:16:04

Health: -14/72     AC:  6    Str:  4    XL:     14   Next: 21%
Magic:  6/31       EV: 37    Int: 21    God:    Wu Jian [******]
Gold:   905        SH:  4    Dex: 20    Spells: 23/37 levels left

rFire    . . .     SeeInvis +   a - +4 dagger
rCold    . . .     Gourm    .   (shield restricted)
rNeg     . . .     Faith    .   u - +0 steam dragon scales
rPois    .         Spirit   .   (helmet restricted)
rElec    .         Reflect  +   g - +0 cloak
rCorr    .         Harm     .   (gloves unavailable)
MR       ++...                  (boots unavailable)
Stlth    ++++++....             y - +4 amulet of reflection (curse)
HPRegen  0.22/turn              v - +3 ring of intelligence
MPRegen  0.22/turn              K - +5 ring of evasion

@: very quick
A: very small, unfitting armour, see invisible, herbivore, speed 3, slow
metabolism 2
a: Wall Jump, Serpent's Lash, Heavenly Storm, Renounce Religion


You were on level 6 of the Lair of Beasts.
You worshipped Wu Jian.
Wu Jian was exalted by your worship.
You were very hungry.

You visited 3 branches of the dungeon, and saw 21 of its levels.
You also visited: Sewer.

You collected 957 gold pieces.
You spent 52 gold pieces at shops.

Inventory:

Hand Weapons
 a - a +4 dagger (weapon)
 x - a +0 rapier
Armour
 g - a +0 cloak (worn)
 u - +0 steam dragon scales (worn)
Jewellery
 n - an uncursed ring of magical power
 v - a +3 ring of intelligence (left hand)
 y - a cursed +4 amulet of reflection (around neck)
 A - an uncursed ring of wizardry
 C - a cursed ring of teleportation {unknown}
 K - a +5 ring of evasion (right hand)
 P - an uncursed ring of magical power
Wands
 E - a wand of flame (12)
 G - a wand of random effects (18)
 H - a wand of polymorph (13)
 J - a wand of iceblast (25)
Scrolls
 f - 6 scrolls of immolation
 h - 13 scrolls of teleportation
 i - 5 scrolls of enchant armour
 k - 6 scrolls of identify
 l - 8 scrolls of remove curse
 m - 4 scrolls of amnesia
 o - 3 scrolls of fog
 q - 5 scrolls of blinking
 r - a scroll of fear
 B - 2 scrolls of enchant weapon
 F - a scroll of magic mapping
Potions
 e - 2 potions of resistance
 j - 11 potions of curing
 p - 2 potions of might
 t - 3 potions of agility
 z - 4 potions of haste
 D - a potion of cancellation
 L - 2 potions of heal wounds
 M - a potion of brilliance
 N - 2 potions of lignification
 O - 4 potions of invisibility
Books
 c - a book of Maledictions

   Spells                             Type                      Level
   a - Corona                         Hexes                        1
   b - Ensorcelled Hibernation        Hexes/Ice                    2
   c - Confuse                        Hexes                        3
   d - Tukima's Dance                 Hexes                        3
   e - Dazzling Spray                 Conjuration/Hexes            3
 s - Efoec's Disquisition on Dark Secrets and Boosts
   (You found it on level 5 of the Lair of Beasts)

   Spells                             Type                      Level
   a - Pain                           Necromancy                   1
   b - Swiftness                      Charms/Air                   2
   c - Spectral Weapon                Hexes/Charms                 3
   d - Animate Dead                   Necromancy                   4
   e - Iskenderun's Battlesphere      Conjuration/Charms           5
   f - Bolt of Draining               Conjuration/Necromancy       5
 w - a book of Alchemy

   Spells                             Type                      Level
   a - Sublimation of Blood           Necromancy                   2
   b - Ignite Poison                  Fire/Transmutation/Poison    3
   c - Petrify                        Transmutation/Earth          4
   d - Alistair's Intoxication        Transmutation/Poison         5
   e - Irradiate                      Conjuration/Transmutation    5
Miscellaneous
 b - a lightning rod (4/4)
Comestibles
 d - 31 rations


   Skills:
 + Level 7.9 Fighting
 - Level 11.5 Short Blades
 + Level 15.1 Dodging
 + Level 15.6 Stealth
 + Level 12.0 Spellcasting
 * Level 7.0 Conjurations
 - Level 8.1 Hexes


You had 23 spell levels left.
You knew the following spells:

 Your Spells              Type           Power        Failure   Level  Hunger
a - Dazzling Spray        Conj/Hex       #####.       1%          3    None
b - Ensorcelled Hibernat  Hex/Ice        ####..       1%          2    None
c - Confuse               Hex            #####...     1%          3    None
d - Tukima's Dance        Hex            #####...     1%          3    None
e - Spectral Weapon       Hex/Chrm       ####....     3%          3    None


Dungeon Overview and Level Annotations

Branches:
Dungeon (14/15)            Temple (1/1) D:7            Lair (6/6) D:9
  Swamp (0/4) Lair:2       Spider (0/4) Lair:3        Slime (0/5) Lair:5
    Orc (0/2) D:12
 Vaults: D:13-14

Altars:
Ashenzari
Cheibriados
Dithmenos
Elyvilon
Fedhas
Gozag
Hepliaklqana
Kikubaaqudgha
Makhleb
Nemelex Xobeh
Okawaru
Qazlal
Ru
Sif Muna
Trog
Uskayaw
Vehumet
Wu Jian
Xom
Yredelemnul
Zin
The Shining One

Shops:
D:6 *   D:8 (

Annotations:
D:2 Sigmund
D:6 komo4ek's ghost, novice VSIE
Lair:6 1 exclusion


Innate Abilities, Weirdness & Mutations

You are very small and have problems with some larger weapons.
You are too small for most types of armour.
You have supernaturally acute eyesight. (SInv)
You are a herbivore.
You cover ground extremely quickly.
You need consume almost no food.


Message History

The death yak is moderately wounded.
The spray of energy hits the death yak.
The death yak is lightly wounded.
The death yak completely misses you. The death yak gores you!
Casting: Dazzling Spray
Confirm with . or Enter, or press ? or * to list all spells.
Aiming: Dazzling Spray
Press: ? - help, Shift-Dir - straight line, f/p - death yak
Aim: a death yak (moderately wounded)
The spray of energy hits the death yak.
The death yak is moderately wounded.
The spray of energy hits the death yak.
The death yak is lightly wounded.
The spray of energy hits the death yak.
The death yak is lightly wounded.
The yak bellows!
The death yak closely misses you. The death yak gores you!!
* * * LOW HITPOINT WARNING * * *
The death yak gores you!
You die...

#...#####.....#...#.###...÷......
##.....#.....#...#.###.#.÷#...8..
##.......###...#######....#.....
#...♣...........# #.......##.#.
#.......#.÷....####........#.##
#.♣...♣.......## #...........#P
###.......#.#...####.............
.##...♣...####.Y#................
#..........###YY@#.......†.......
#....#....†Y##.Y#................
....####.........................
♣..## ##...#....#...............
...# ##...#....#..............
'### #...#....#.............. .##
##......#............... ..##
#...................... ...##
#.<.#.....##...........


You could see 3 death yaks and a yak (blind).

Vanquished Creatures
  The ghost of MTVSty1e the Severer, a journeyman HuBe of Trog (D:12)
  A great orb of eyes (D:9)
  Fannar (Lair:2)
  8 hydras
  A centaur warrior (D:13)
  2 two-headed ogres
  9 death yaks
  2 unseen horrors
  2 oklob plants (D:12)
  A cyclops (D:11)
  18 elephants
  A deep elf mage (D:9)
  5 black mambas
  A torpor snail (Lair:5)
  3 spiny frogs
  A gargoyle (D:12)
  A centaur skeleton (D:14)
  2 komodo dragons
  2 rime drakes
  A demonic crawler (Lair:3)
  3 trolls
  A polar bear (Lair:5)
  A troll (shapeshifter) (D:9)
  A hornet (D:9)
  A harpy skeleton (D:14)
  12 blink frogs
  4 dream sheep (Lair:4)
  6 hippogriffs
  2 shadows
  A spriggan (D:7)
  A basilisk (Lair:5)
  39 yaks
  5 wyverns
  3 steam dragons
  A soldier ant (D:9)
  An acid dragon (D:9)
  8 porcupines
  11 water moccasins
  4 ice beasts
  A sky beast (D:5)
  5 orc warriors
  3 phantoms
  3 black bears
  An eye of draining (D:9)
  8 ogres
  5 wolves (Lair:5)
  3 centaurs
  7 crocodiles
  4 big kobolds
  16 bullfrogs
  A gnoll sergeant (D:12)
  3 scorpions
  4 killer bees (D:8)
  9 wights
  3 crimson imps
  A howler monkey (D:13)
  A bullfrog zombie (D:12)
  2 centaur zombies
  3 jellies
  3 quasits
  7 hounds
  7 orc priests
  2 bullfrog skeletons
  Jessica (D:2)
  An iguana (D:7)
  8 orc wizards
  7 worker ants
  2 hound zombies (D:8)
  A hound skeleton (D:9)
  7 adders
  A shadow imp (D:13)
  2 adder zombies
  An adder skeleton (D:4)
  3 worms
  A dart slug (D:1)
  9 leopard geckos
  21 orcs
  15 giant cockroaches
  8 hobgoblins
  19 jackals
  21 kobolds
  8 ball pythons
  8 bats
  12 frilled lizards
  6 goblins
  12 rats
  A fungus (Lair:2)
445 creatures vanquished.

Vanquished Creatures (collateral kills)
  3 orc warriors
  An ogre (D:12)
  A big kobold (D:12)
  A gnoll sergeant (D:12)
  3 wights
  6 orcs
15 creatures vanquished.

Vanquished Creatures (others)
  10 dancing weapons
  A bush (Lair:4)
  18 fungi
  11 plants
40 creatures vanquished.

Grand Total: 500 creatures vanquished

Notes
Turn   | Place    | Note
-------+----------+-------------------------------------------
     0 | D:1      | oplop the Spriggan Enchanter began the quest for the Orb.
     0 | D:1      | Reached XP level 1. HP: 9/9 MP: 5/5
   288 | D:1      | Reached XP level 2. HP: 9/13 MP: 4/6
   307 | D:1      | Learned a level 2 spell: Ensorcelled Hibernation
  1116 | D:2      | Noticed Jessica
  1145 | D:2      | Killed Jessica
  1145 | D:2      | Reached skill level 5 in Stealth
  1145 | D:2      | Reached XP level 3. HP: 12/16 MP: 4/8
  1327 | D:2      | Noticed Sigmund
  1333 | D:2      | Reached XP level 4. HP: 17/21 MP: 5/10
  1406 | D:1      | Learned a level 3 spell: Confuse
  1410 | D:1      | Learned a level 3 spell: Tukima's Dance
  1871 | D:3      | Found a hide-covered altar of Uskayaw.
  2147 | D:3      | Reached skill level 5 in Hexes
  3128 | D:4      | Reached XP level 5. HP: 25/25 MP: 7/11
  3427 | D:4      | Noticed an ogre
  3513 | D:4      | Killed an ogre
  3513 | D:4      | Reached skill level 1 in Fighting
  3513 | D:4      | Reached XP level 6. HP: 16/30 MP: 0/13
  3658 | D:5      | Entered Level 5 of the Dungeon
  3898 | D:5      | Noticed a sky beast
  4131 | D:5      | Reached skill level 5 in Dodging
  4152 | D:5      | Killed a sky beast
  4414 | D:6      | Noticed an ice beast
  4418 | D:6      | Found a glowing drain.
  4432 | D:6      | Killed an ice beast
  4432 | D:6      | Reached XP level 7. HP: 30/34 MP: 11/14
  4453 | D:6      | Learned a level 3 spell: Dazzling Spray
  4485 | D:6      | Found Uckuufoi's General Store.
  4488 | D:6      | Bought a scroll of identify for 26 gold pieces
  4488 | D:6      | Bought a scroll of identify for 26 gold pieces
  5059 | Sewer    | Entered a sewer
  5496 | Sewer    | Reached skill level 5 in Spellcasting
  5739 | D:6      | Noticed komo4ek's ghost (novice VSIE)
  6240 | D:7      | Reached XP level 8. HP: 27/39 MP: 14/17
  6348 | D:7      | Found a staircase to the Ecumenical Temple.
  6492 | Temple   | Entered the Ecumenical Temple
  6585 | Temple   | oplop: !Hepli reasons
  6585 | Temple   | oplop: ?Hepli reasons
  6585 | Temple   | oplop: ?Hepliaklqana reasons
  6585 | Temple   | oplop: ??Hepliaklqana reasons
  6585 | Temple   | beem: I don't have a page labeled Hepliaklqana_reasons in my learndb.
  6585 | Temple   | oplop: ??Hepliaklqana
  6585 | Temple   | beem: hepliaklqana[1/4]: God of ancestral memory. Grants a powerful, customizable permanent ancestor, which will be automatically revived if slain (after a few dozen turns). Likes exploration. 0*: ally & recall, 2*: {Remember Life}, 3*: {Transference}, 4*: {Idealise}, 5*: Transference-drain
  6585 | Temple   | oplop: ??Hepliaklqana[2
  6585 | Temple   | beem: hepliaklqana[2/4]: https://crawl.develz.org/wiki/doku.php?id=dcss:brainstorm:god:propose:ally_god
  6585 | Temple   | oplop: ??Hepliaklqana[3
  6585 | Temple   | beem: hepliaklqana[3/4]: new plan: don't let Grunt name any more gods ftr it's "hep lee ack ull can ah" I look forward to people being confused about it
  6585 | Temple   | oplop: ??Hepliaklqana[4
  6585 | Temple   | beem: hepliaklqana[4/4]: How many cats did it take to name this one?
  6585 | Temple   | oplop: ??Uskaya
  6585 | Temple   | beem: Uskaya ~ uskayaw[1/6]: God of ecstatic dance. Piety raises very quickly as you deal damage and drops very quickly over time. *: Stomp for AOE damage. **: Teleport through a line of creatures, confusing them. ***: on reaching this piety level, briefly paralyze all enemies in LOS. ****: On reaching this piety level, monsters share damage. *****: Telefrag any monster in LOS.
  6585 | Temple   | oplop: ??Wu Jian
  6585 | Temple   | beem: wu jian[1/8]: WJC is a god based on mobile melee combat, offering strong incentives to fight groups of enemies in the open. It provides melee characters with a strong but relatively flat power increase in the form of special attacks triggered by moving, and offers effective positioning tools to hybrids and ranged characters.
  6585 | Temple   | oplop: ??Wu Jian[2
  6585 | Temple   | beem: wu jian[2/8]: Lunge: Triggered by moving towards an enemy. Deals extra damage against slowed or distracted enemies.
  6585 | Temple   | oplop: ??Wu Jian[3
  6585 | Temple   | beem: wu jian[3/8]: Whirlwind: Triggered by moving from a tile adjacent to an enemy to another tile adjacent to it.
  6585 | Temple   | oplop: ??Wu Jian[4
  6585 | Temple   | beem: wu jian[4/8]: Wall Jump: Triggered by moving toward an adjacent solid obstacle. It propels the character two tiles in the opposite direction, attacking in an area of effect. Can cause a brief distraction to onlookers.
  6585 | Temple   | oplop: ??Wu Jian[5
  6585 | Temple   | beem: wu jian[5/8]: Serpent's Lash: Instant ability with Exhaustion and a moderate Piety cost. Causes your next two movement actions to be instant, and boosts your martial attacks during them.
  6585 | Temple   | oplop: ??Wu Jian[6
  6585 | Temple   | beem: wu jian[6/8]: Heavenly Storm: Summons a storm of golden clouds. Provides a hefty Slaying bonus and constantly triggers a powerful opaque fog, reducing visibility and protecting against ranged monsters. The storm is very short lived, but continuing to use martial attacks against multiple enemies refreshes the duration and increases the slaying bonus.
  6585 | Temple   | oplop: ??Wu Jian[7
  6585 | Temple   | beem: wu jian[7/8]: fr demigods can worship wu jian because it's not really a god you're just a monk guy
  6585 | Temple   | oplop: ??Wu Jian[8
  6585 | Temple   | beem: wu jian[8/8]: https://www.youtube.com/watch?v=6tPef7AN1zE
  6600 | Temple   | Became a worshipper of the Wu Jian Council
  6787 | D:7      | Found a glowing golden altar of the Shining One.
  7147 | D:8      | Found Vitraklu's Weapon Shop.
  7196 | D:8      | Reached * piety under Wu Jian
  7270 | D:8      | Reached XP level 9. HP: 37/44 MP: 6/20
  7968 | D:8      | Noticed a two-headed ogre
  7970 | D:8      | Killed a two-headed ogre
  7970 | D:8      | Reached skill level 5 in Short Blades
  8493 | D:9      | Reached ** piety under Wu Jian
  8616 | D:9      | Reached XP level 10. HP: 51/51 MP: 15/23
  8699 | D:9      | Found a staircase to the Lair.
  9139 | Lair:1   | Entered Level 1 of the Lair of Beasts
  9700 | Lair:2   | Found a staircase to the Swamp.
  9700 | Lair:2   | Noticed an elephant
  9700 | Lair:2   | Noticed an elephant
  9700 | Lair:2   | Noticed an elephant
  9704 | Lair:2   | Noticed an elephant
  9728 | Lair:1   | Killed an elephant
  9731 | Lair:1   | Killed an elephant
  9731 | Lair:1   | Reached skill level 10 in Dodging
  9828 | Lair:2   | Killed an elephant
  9828 | Lair:2   | Reached skill level 5 in Fighting
 10071 | Lair:2   | Noticed Fannar
 10077 | Lair:2   | Killed Fannar
 10077 | Lair:2   | Reached skill level 10 in Stealth
 10201 | Lair:2   | Killed an elephant
 10251 | Lair:2   | Reached XP level 11. HP: 46/56 MP: 1/25
 10524 | Lair:3   | Found a hole to the Spider Nest.
 10884 | Lair:3   | Noticed a seven-headed hydra
 10887 | Lair:3   | Killed a seven-headed hydra
 11368 | Lair:4   | Noticed a death yak
 11370 | Lair:4   | Noticed a death yak
 11375 | Lair:4   | Noticed a death yak
 11444 | Lair:4   | Noticed a death yak
 11444 | Lair:4   | Noticed a death yak
 11444 | Lair:4   | Noticed a death yak
 11517 | Lair:4   | Reached *** piety under Wu Jian
 11696 | Lair:4   | Reached skill level 10 in Short Blades
 11705 | Lair:4   | Noticed a five-headed hydra
 11708 | Lair:4   | Killed a five-headed hydra
 11821 | Lair:4   | Killed a death yak
 12018 | Lair:4   | Killed a death yak
 12023 | Lair:4   | Killed a death yak
 12169 | Lair:4   | Reached XP level 12. HP: 62/62 MP: 9/26
 12406 | Lair:4   | Killed a death yak
 12412 | Lair:4   | Killed a death yak
 12419 | Lair:4   | Killed a death yak
 12521 | Lair:5   | Found a runed door.
 12707 | Lair:5   | Reached skill level 1 in Conjurations
 12770 | Lair:5   | oplop: ??Wu Jian[2
 12770 | Lair:5   | beem: wu jian[2/8]: Lunge: Triggered by moving towards an enemy. Deals extra damage against slowed or distracted enemies.
 12770 | Lair:5   | oplop: ??Wu Jian[3
 12770 | Lair:5   | beem: wu jian[3/8]: Whirlwind: Triggered by moving from a tile adjacent to an enemy to another tile adjacent to it.
 12770 | Lair:5   | oplop: ??Whirlwind
 12770 | Lair:5   | beem: wu jian[3/8]: Whirlwind: Triggered by moving from a tile adjacent to an enemy to another tile adjacent to it.
 12822 | Lair:5   | Found a staircase to the Slime Pits.
 13076 | Lair:5   | Reached skill level 10 in Spellcasting
 13080 | Lair:5   | Reached **** piety under Wu Jian
 13121 | Lair:5   | Noticed a seven-headed hydra
 13385 | Lair:5   | Noticed a seven-headed hydra
 13400 | Lair:5   | Killed a seven-headed hydra
 13710 | Lair:5   | Noticed an eight-headed hydra
 13788 | Lair:5   | Killed a seven-headed hydra
 13826 | Lair:5   | Killed an eight-headed hydra
 13826 | Lair:5   | Reached XP level 13. HP: 43/67 MP: 9/28
 13913 | Lair:5   | Identified Efoec's Disquisition on Dark Secrets and Boosts
 14205 | Lair:6   | Entered Level 6 of the Lair of Beasts
 14836 | Lair:6   | Reached skill level 5 in Conjurations
 15121 | Lair:6   | Reached ***** piety under Wu Jian
 15882 | D:10     | Entered Level 10 of the Dungeon
 16297 | D:10     | You fall through a shaft for 2 floors!
 16408 | D:11     | Found a shimmering altar of Xom.
 16516 | D:11     | Reached skill level 15 in Stealth
 17363 | D:12     | Learned a level 3 spell: Spectral Weapon
 17421 | D:12     | Noticed MTVSty1e's ghost (journeyman HuBe)
 17519 | D:12     | Killed MTVSty1e's ghost
 17576 | D:12     | Found a staircase to the Orcish Mines.
 17600 | D:12     | Reached XP level 14. HP: 72/72 MP: 6/30
 18195 | D:12     | Found a blossoming altar of Fedhas.
 18201 | D:12     | Reached ****** piety under Wu Jian
 18345 | D:13     | Reached skill level 15 in Dodging
 18392 | D:13     | Found a shadowy altar of Dithmenos.
 19324 | Lair:6   | HP: 3/72 [death yak (24)]
 19324 | Lair:6   | Demolished by a death yak

Skill      XL: |  1  2  3  4  5  6  7  8  9 10 11 12 13 14 |
---------------+-------------------------------------------+-----
Hexes          | 4 5 6 7 8 |  8.1
Spellcasting   | 3 4 5 7 8 9 10 11 12 | 12.0
Stealth        | 5 6 7 9 10 12 14 15 | 15.6
Dodging        | 4 5 6 8 9 10 12 13 14 15 | 15.1
Fighting       | 1 2 3 4 5 6 7 |  7.9
Short Blades   | 3 6 8 10 11 | 11.5
Conjurations   | 4 6 7 |  7.0

Action                   |  1- 3 |  4- 6 |  7- 9 | 10-12 | 13-15 || total
-------------------------+-------+-------+-------+-------+-------++-------
Melee: Dagger            |   107 |   156 |   268 |   524 |   728 ||  1783
       Rapier            |       |    55 |   148 |       |       ||   203
 Cast: Corona            |    17 |     2 |       |       |       ||    19
       Ensorcelled Hiber |     6 |    36 |    59 |    87 |    63 ||   251
       Tukima's Dance    |       |    10 |    15 |       |    15 ||    40
       Confuse           |       |    16 |    44 |    14 |    41 ||   115
       Dazzling Spray    |       |       |     2 |    79 |    63 ||   144
Invok: Lunge             |       |       |    27 |    43 |    74 ||   144
       Whirlwind         |       |       |       |    91 |   112 ||   203
       Wall Jump         |       |       |       |    22 |    23 ||    45
  Use: Scroll            |       |    13 |       |    14 |     3 ||    30
 Stab: Sleeping          |    17 |    32 |    47 |    56 |    67 ||   219
       Confused          |       |     6 |    28 |    14 |    19 ||    67
       Invisible         |       |       |     1 |    47 |    38 ||    86
       Distracted        |       |       |     1 |       |     4 ||     5
  Eat: Ration            |       |     3 |     3 |     3 |     3 ||    12
Armor: Robe              |    13 |    16 |    44 |       |       ||    73
       Steam dragon scal |       |       |    15 |    28 |    18 ||    61
Dodge: Dodged            |    93 |   166 |   464 |   466 |   459 ||  1648
Block: Other             |       |    21 |    82 |    81 |    71 ||   255
